PR
LADUE RAMS @ HUDSONVILLE FLANDERSES
07/14/2042
 
TOP OF THE 1ST
Ladue Rams batting - Pitching for Hudsonville Flanderses : RHP Wilson Tamayo
Pitching: RHP Wilson Tamayo
Batting: RHB Nick Davis 0-0: Ball
1-0: Ground out 6-3 (Groundball, 56, EV 98.8 MPH)
Batting: RHB Gin-fan Chong 0-0: SINGLE (Groundball, 56D, EV 105.6 MPH)
Batting: RHB Tangaloa Manaolana 0-0: Ball
1-0: Swinging Strike
1-1: Foul Ball, location: 2F
1-2: Hit by Pitch
Gin-fan Chong to second
Batting: LHB Ruff McGruffin 0-0: Ball
1-0: DOUBLE (Line Drive, 78D, EV 110.0 MPH)
Gin-fan Chong scores
Tangaloa Manaolana to third
Batting: RHB Drew Rose 0-0: Ball
1-0: Called Strike
1-1: Foul Ball, location: 2F
1-2: Strikes out looking
Batting: RHB Yuk Ye 0-0: Called Strike
0-1: Foul Ball, location: 2F
0-2: Ball
1-2: Ground out 6-3 (Groundball, 6, EV 98.1 MPH)
Top of the 1st over - 1 run, 2 hits, 0 errors, 2 left on base; Ladue 1 - Hudsonville 0
BOTTOM OF THE 1ST
Hudsonville Flanderses batting - Pitching for Ladue Rams : RHP Tim Chuter
Pitching: RHP Tim Chuter
Batting: LHB Lasse Karsberg 0-0: Bunt for hit to 15S - play at first, batter OUT! 1-3
Batting: RHB Mike Marcus 0-0: Called Strike
0-1: Ball
1-1: Ball
2-1: Called Strike
2-2: Ball
3-2: Foul Ball, location: 2F
3-2: Ground out 6-3 (Groundball, 6, EV 101.2 MPH)
Batting: RHB Patrick Gibbard 0-0: Hit by Pitch
Batting: SHB Bailey Stuart 0-0: Swinging Strike
0-1: Foul Ball, location: 2F
0-2: Ball
1-2: Strikes out swinging
Bottom of the 1st over - 0 runs, 0 hits, 0 errors, 1 left on base; Ladue 1 - Hudsonville 0
TOP OF THE 2ND
Ladue Rams batting - Pitching for Hudsonville Flanderses : RHP Wilson Tamayo
Batting: SHB Tom Lenehan 0-0: Swinging Strike
0-1: Called Strike
0-2: Strikes out swinging
Batting: LHB Jermaine Tuttle 0-0: Ball
1-0: Fly out, F6 (Line Drive, 6, EV 63.8 MPH)
Batting: LHB Guillermo Valverde 0-0: Called Strike
0-1: Ball
1-1: Ball
2-1: SINGLE (Flyball, 7LM, EV 90.0 MPH)
Batting: RHB Nick Davis 0-0: Swinging Strike
0-1: Ball
1-1: Fly out, F9 (Flyball, 89D, EV 108.1 MPH)
Top of the 2nd over - 0 runs, 1 hit, 0 errors, 1 left on base; Ladue 1 - Hudsonville 0
BOTTOM OF THE 2ND
Hudsonville Flanderses batting - Pitching for Ladue Rams : RHP Tim Chuter
Batting: LHB Victor de Bree 0-0: Ball
1-0: Called Strike
1-1: Foul Ball, location: 2F
1-2: DOUBLE (Line Drive, 9LS, EV 96.9 MPH)
Batting: LHB Virgil Hughes 0-0: Called Strike
0-1: Ball
1-1: Ball
2-1: Called Strike
2-2: Foul Ball, location: 2F
2-2: Strikes out looking
Batting: RHB Tony Mendoza 0-0: Called Strike
0-1: Ball
1-1: Ball
2-1: SINGLE (Flyball, 89M, EV 91.2 MPH)
Victor de Bree to third
Batting: RHB Danny McElroy 0-0: Foul Ball, location: 2F
0-1: Fly out, F8 (Flyball, 8RD, EV 85.6 MPH)
Runner from 3rd tags up, SCORES, throw by CF
Batting: SHB Manuel Durán 0-0: Called Strike
0-1: Ball
1-1: Ball
2-1: Swinging Strike
2-2: Ball
3-2: Strikes out looking
Bottom of the 2nd over - 1 run, 2 hits, 0 errors, 1 left on base; Ladue 1 - Hudsonville 1
TOP OF THE 3RD
Ladue Rams batting - Pitching for Hudsonville Flanderses : RHP Wilson Tamayo
Batting: RHB Gin-fan Chong 0-0: Ball
1-0: Foul Ball, location: 2F
1-1: Ball
2-1: SINGLE (Groundball, 56D, EV 93.8 MPH)
Batting: RHB Tangaloa Manaolana 0-0: Called Strike
0-1: Ball
1-1: Called Strike
1-2: SINGLE (Groundball, 56D, EV 104.4 MPH)
Gin-fan Chong to second
Batting: LHB Ruff McGruffin 0-0: Ball
1-0: Foul Ball, location: 2F
1-1: Foul Ball, location: 2F
1-2: Foul Ball, location: 2F
1-2: Ball
2-2: Fly out, F6 (Popup, 6MD, EV 61.2 MPH)
Batting: RHB Drew Rose 0-0: Called Strike
0-1: Foul Ball, location: 2F
0-2: Strikes out swinging
Batting: RHB Yuk Ye 0-0: Foul Ball, location: 2F
0-1: Called Strike
0-2: Foul Ball, location: 2F
0-2: Strikes out swinging
Top of the 3rd over - 0 runs, 2 hits, 0 errors, 2 left on base; Ladue 1 - Hudsonville 1
BOTTOM OF THE 3RD
Hudsonville Flanderses batting - Pitching for Ladue Rams : RHP Tim Chuter
Batting: LHB Lasse Karsberg 0-0: Called Strike
0-1: SINGLE (Groundball, 34D, EV 106.2 MPH)
Batting: RHB Mike Marcus 0-0: Called Strike
0-1: Called Strike
0-2: Fly out, F9 (Flyball, 9LSF, EV 98.8 MPH)
Batting: RHB Patrick Gibbard 0-0: SINGLE (Line Drive, 9S, EV 105.6 MPH)
Lasse Karsberg to second
Batting: SHB Bailey Stuart 0-0: Ball
1-0: SINGLE (Line Drive, 5D, EV 106.2 MPH)
Lasse Karsberg to third
Patrick Gibbard to second
Runner from 3rd tries for Home, SAFE, no throw by LF
Batting: LHB Victor de Bree 0-0: Ball
1-0: Fly out, F5 (Popup, 56, EV 54.4 MPH)
Batting: LHB Virgil Hughes 0-0: 3-RUN HOME RUN (Line Drive, 9D, EV 102.5 MPH), Distance : 358 ft
Batting: RHB Tony Mendoza 0-0: SINGLE (Line Drive, 56, EV 98.1 MPH)
Batting: RHB Danny McElroy 0-0: Called Strike
Tony Mendoza steals 2nd base
0-1: Ball
1-1: Foul Ball, location: 2F
1-2: Fly out, F4 (Flyball, 4MD, EV 88.1 MPH)
Bottom of the 3rd over - 4 runs, 5 hits, 0 errors, 1 left on base; Ladue 1 - Hudsonville 5
TOP OF THE 4TH
Ladue Rams batting - Pitching for Hudsonville Flanderses : RHP Wilson Tamayo
Batting: SHB Tom Lenehan 0-0: Ball
1-0: Fly out, F8 (Line Drive, 8RM, EV 95.6 MPH)
Batting: LHB Jermaine Tuttle 0-0: Ball
1-0: Called Strike
1-1: DOUBLE (Flyball, 8LXD, EV 91.2 MPH)
Batting: LHB Guillermo Valverde 0-0: Called Strike
0-1: Ball
1-1: Ball
2-1: Ball
3-1: Hit by Pitch
Batting: RHB Nick Davis 0-0: Ball
1-0: Ball
2-0: Ball
3-0: Called Strike
3-1: Foul Ball, location: 2F
3-2: Foul Ball, location: 2F
3-2: Hit by Pitch
Jermaine Tuttle to third
Guillermo Valverde to second
Batting: RHB Gin-fan Chong 0-0: Ball
1-0: Ball
2-0: Called Strike
2-1: Grounds into fielders choice 1-2 (Groundball, 13S, EV 70.6 MPH)
Guillermo Valverde to third
Nick Davis to second
Batting: RHB Tangaloa Manaolana 0-0: Swinging Strike
0-1: Fly out, F9 (Flyball, 89M, EV 81.9 MPH)
Top of the 4th over - 0 runs, 1 hit, 0 errors, 3 left on base; Ladue 1 - Hudsonville 5
BOTTOM OF THE 4TH
Hudsonville Flanderses batting - Pitching for Ladue Rams : RHP Tim Chuter
Batting: SHB Manuel Durán 0-0: Ball
1-0: Swinging Strike
1-1: SINGLE (Groundball, 4D, EV 97.5 MPH)
Batting: LHB Lasse Karsberg 0-0: Ball
1-0: Swinging Strike
1-1: Ball
2-1: Foul Ball, location: 2F
2-2: Fielders Choice at 2nd, 6-4 (Groundball, 6, EV 92.5 MPH)
Batting: RHB Mike Marcus 0-0: Grounds into double play, 1-6-3 (Groundball, 13S, EV 64.4 MPH)
Bottom of the 4th over - 0 runs, 1 hit, 0 errors, 0 left on base; Ladue 1 - Hudsonville 5
TOP OF THE 5TH
Ladue Rams batting - Pitching for Hudsonville Flanderses : RHP Wilson Tamayo
Batting: LHB Ruff McGruffin 0-0: Ball
1-0: Ground out U3 (Groundball, 3S, EV 79.4 MPH)
Batting: RHB Drew Rose 0-0: Ball
1-0: Ball
2-0: Ball
3-0: Base on Balls
Batting: RHB Yuk Ye 0-0: Fly out, F9 (Line Drive, 9D, EV 99.4 MPH)
Batting: SHB Tom Lenehan 0-0: Ball
1-0: Ball
2-0: Ball
3-0: Called Strike
3-1: Called Strike
3-2: SINGLE (Groundball, 4D, EV 97.5 MPH)
Drew Rose to second
Drew Rose to third
Batting: LHB Jermaine Tuttle 0-0: SINGLE (Line Drive, 8RS, EV 106.2 MPH)
Drew Rose scores
Tom Lenehan to second
Runner from 2nd tries for 3rd, SAFE, no throw by CF
Batting: LHB Guillermo Valverde 0-0: Ball
1-0: Ball
2-0: Ball
3-0: Called Strike
3-1: Called Strike
3-2: DOUBLE (Line Drive, 8RXD, EV 106.9 MPH)
Tom Lenehan scores
Jermaine Tuttle to third
Jermaine Tuttle scores
Batting: RHB Nick Davis 0-0: Ball
1-0: Ball
2-0: Foul Ball, location: 2F
2-1: Ground out 6-3 (Groundball, 6S, EV 74.4 MPH)
Top of the 5th over - 3 runs, 3 hits, 0 errors, 1 left on base; Ladue 4 - Hudsonville 5
BOTTOM OF THE 5TH
Hudsonville Flanderses batting - Pitching for Ladue Rams : RHP Tim Chuter
Batting: RHB Patrick Gibbard 0-0: Foul Ball, location: 2F
0-1: Ball
1-1: Ball
2-1: Fly out, F7 (Flyball, 7, EV 88.1 MPH)
Batting: SHB Bailey Stuart 0-0: Ball
1-0: Ground out 1-3 (Groundball, 34S, EV 86.2 MPH)
Batting: LHB Victor de Bree 0-0: Ball
1-0: Ground out 1-3 (Groundball, 15S, EV 64.4 MPH)
Bottom of the 5th over - 0 runs, 0 hits, 0 errors, 0 left on base; Ladue 4 - Hudsonville 5
TOP OF THE 6TH
Ladue Rams batting - Pitching for Hudsonville Flanderses : RHP Wilson Tamayo
Batting: RHB Gin-fan Chong 0-0: Foul Ball, location: 2F
0-1: Ground out 5-3 (Groundball, 56, EV 85.6 MPH)
Batting: RHB Tangaloa Manaolana 0-0: Called Strike
0-1: Ball
1-1: SINGLE (Line Drive, 9S, EV 100.6 MPH)
Pitching: RHP Dan-zu Sun
Batting: LHB Ruff McGruffin 0-0: Ball
1-0: Ball
2-0: Called Strike
2-1: Swinging Strike
2-2: DOUBLE (Line Drive, 3D, EV 111.2 MPH)
Tangaloa Manaolana to third
Runner from 3rd tries for Home, SAFE, no throw by RF
Batting: RHB Drew Rose 0-0: Ball
1-0: Called Strike
1-1: Called Strike
1-2: Foul Ball, location: 2F
1-2: Fly out, F8 (Flyball, 89S, EV 92.5 MPH)
Batting: RHB Yuk Ye 0-0: Called Strike
0-1: Ball
1-1: Swinging Strike
1-2: Fly out, F8 (Line Drive, 8RM, EV 96.2 MPH)
Top of the 6th over - 1 run, 2 hits, 0 errors, 1 left on base; Ladue 5 - Hudsonville 5
BOTTOM OF THE 6TH
Hudsonville Flanderses batting - Pitching for Ladue Rams : RHP Tim Chuter
Batting: LHB Virgil Hughes 0-0: Called Strike
0-1: Foul Ball, location: 2F
0-2: Ball
1-2: Foul Ball, location: 2F
1-2: Foul Ball, location: 2F
1-2: Ball
2-2: Strikes out looking
Batting: RHB Tony Mendoza 0-0: Ball
1-0: Reached on error, E5 (Groundball, 56S, EV 86.2 MPH)
Batting: RHB Danny McElroy 0-0: Ball
Tony Mendoza is caught stealing 2nd base 2-4
1-0: Called Strike
1-1: Foul Ball, location: 2F
1-2: Ball
2-2: SINGLE (Groundball, 56D, EV 103.1 MPH)
Batting: SHB Manuel Durán 0-0: Ball
Pickoff Throw by Catcher to First - Out!
Bottom of the 6th over - 0 runs, 1 hit, 1 error, 0 left on base; Ladue 5 - Hudsonville 5
TOP OF THE 7TH
Ladue Rams batting - Pitching for Hudsonville Flanderses : RHP Dan-zu Sun
Batting: SHB Tom Lenehan 0-0: Called Strike
0-1: Called Strike
0-2: Ball
1-2: SINGLE (Line Drive, 6D, EV 100.0 MPH)
Batting: LHB Jermaine Tuttle 0-0: Ball
1-0: Swinging Strike
1-1: Ball
2-1: Fly out, F6 (Line Drive, 6, EV 75.6 MPH)
Batting: LHB Guillermo Valverde 0-0: Ball
1-0: Foul Ball, location: 2F
1-1: Foul Ball, location: 2F
1-2: Strikes out swinging
Batting: RHB Nick Davis 0-0: Called Strike
0-1: Ball
1-1: Swinging Strike
1-2: Ball
2-2: Ball
3-2: Ground out 6-3 (Groundball, 6M, EV 102.5 MPH)
Top of the 7th over - 0 runs, 1 hit, 0 errors, 1 left on base; Ladue 5 - Hudsonville 5
BOTTOM OF THE 7TH
Hudsonville Flanderses batting - Pitching for Ladue Rams : RHP Tim Chuter
Batting: SHB Manuel Durán 0-0: Ball
1-0: Foul Ball, location: 2F
1-1: Called Strike
1-2: Ball
2-2: Ball
3-2: Base on Balls
Pitching: RHP Michael MacGregor
Batting: LHB Lasse Karsberg 0-0: Sac Bunt to 2L - play at first, batter OUT! 2-4
Manuel Durán to second
Batting: RHB Mike Marcus 0-0: Ball
1-0: Called Strike
1-1: Ball
2-1: 2-RUN HOME RUN (Flyball, 7D, EV 106.2 MPH), Distance : 385 ft
Batting: RHB Patrick Gibbard 0-0: Called Strike
0-1: Foul Ball, location: 2F
0-2: Ball
1-2: Ball
2-2: Strikes out swinging
Batting: SHB Bailey Stuart 0-0: Swinging Strike
0-1: Swinging Strike
0-2: Ball
1-2: Strikes out swinging, 2-3 out at first.
Bottom of the 7th over - 2 runs, 1 hit, 0 errors, 0 left on base; Ladue 5 - Hudsonville 7
TOP OF THE 8TH
Ladue Rams batting - Pitching for Hudsonville Flanderses : RHP Dan-zu Sun
Batting: RHB Gin-fan Chong 0-0: Foul Ball, location: 2F
0-1: Ball
1-1: Foul Ball, location: 2F
1-2: Foul Ball, location: 2F
1-2: Ball
2-2: Foul Ball, location: 2F
2-2: Foul Ball, location: 2F
2-2: Ground out 6-3 (Groundball, 6, EV 103.1 MPH)
Batting: RHB Tangaloa Manaolana 0-0: Called Strike
0-1: Swinging Strike
0-2: Ball
1-2: Ground out 6-3 (Groundball, 56, EV 104.4 MPH)
Batting: LHB Ruff McGruffin 0-0: Ball
1-0: Foul Ball, location: 2F
1-1: Foul Ball, location: 2F
1-2: Ball
2-2: Foul Ball, location: 2F
2-2: Fly out, F2 (Popup, 2L, EV 98.8 MPH)
Top of the 8th over - 0 runs, 0 hits, 0 errors, 0 left on base; Ladue 5 - Hudsonville 7
BOTTOM OF THE 8TH
Hudsonville Flanderses batting - Pitching for Ladue Rams : RHP Michael MacGregor
Batting: LHB Victor de Bree 0-0: DOUBLE (Flyball, 89XD, EV 95.6 MPH)
Batting: LHB Virgil Hughes 0-0: Ball
1-0: Ball
2-0: Foul Ball, location: 2F
2-1: Swinging Strike
2-2: Ball
3-2: Strikes out looking
Batting: RHB Tony Mendoza 0-0: Intentional Walk
Batting: RHB Danny McElroy 0-0: Called Strike
0-1: Foul Ball, location: 2F
0-2: Foul Ball, location: 2F
0-2: Foul Ball, location: 2F
0-2: Fly out, F9 (Flyball, 89S, EV 90.6 MPH)
Batting: SHB Manuel Durán 0-0: Swinging Strike
0-1: Fly out, F8 (Flyball, 8RS, EV 88.8 MPH)
Bottom of the 8th over - 0 runs, 1 hit, 0 errors, 2 left on base; Ladue 5 - Hudsonville 7
TOP OF THE 9TH
Ladue Rams batting - Pitching for Hudsonville Flanderses : RHP Dan-zu Sun
Batting: RHB Drew Rose 0-0: Ball
1-0: Ball
2-0: Ball
3-0: Called Strike
3-1: Base on Balls
Pitching: RHP Albert Barrera
Pinch Hitting: RHB Melvin Todd 0-0: Ball
1-0: Called Strike
1-1: Foul Ball, location: 2F
1-2: Foul Ball, location: 2F
1-2: Ball
2-2: Foul Ball, location: 2F
2-2: Ball
3-2: DOUBLE (Flyball, 89D, EV 99.4 MPH)
Drew Rose to third
Pinch Hitting: LHB Norberto Pacheco 0-0: Swinging Strike
0-1: Ball
1-1: Swinging Strike
1-2: Ball
2-2: Ball
3-2: Strikes out swinging
Batting: LHB Jermaine Tuttle 0-0: Called Strike
0-1: Ball
Wild Pitch!
Drew Rose scores
Melvin Todd to third
1-1: Ball
2-1: Fly out, F7 (Line Drive, 7, EV 103.1 MPH)
Runner from 3rd tags up, SCORES, throw by LF
Batting: LHB Guillermo Valverde 0-0: Called Strike
0-1: Called Strike
0-2: Ball
1-2: Foul Ball, location: 2F
1-2: Ball
2-2: Foul Ball, location: 2F
2-2: Ball
3-2: Fly out, F9 (Flyball, 9LDF, EV 87.5 MPH)
Top of the 9th over - 2 runs, 1 hit, 0 errors, 0 left on base; Ladue 7 - Hudsonville 7
BOTTOM OF THE 9TH
Hudsonville Flanderses batting - Pitching for Ladue Rams : RHP Michael MacGregor
Pitching: RHP Ari Schaller
Now at C: César Hinojosa
Now in LF: Norberto Pacheco
Batting: LHB Lasse Karsberg 0-0: Called Strike
0-1: Ball
1-1: Foul Ball, location: 2F
1-2: Strikes out swinging
Batting: RHB Mike Marcus 0-0: Called Strike
0-1: Ball
1-1: Ball
2-1: Ball
3-1: Called Strike
3-2: Base on Balls
Batting: RHB Patrick Gibbard 0-0: Foul Ball, location: 2F
0-1: Called Strike
0-2: Ball
1-2: Strikes out swinging
Batting: SHB Bailey Stuart 0-0: Ball
1-0: Swinging Strike
1-1: Called Strike
1-2: Ball
2-2: Foul Ball, location: 2F
2-2: Foul Ball, location: 2F
2-2: Strikes out looking
Bottom of the 9th over - 0 runs, 0 hits, 0 errors, 1 left on base; Ladue 7 - Hudsonville 7
TOP OF THE 10TH
Ladue Rams batting - Pitching for Hudsonville Flanderses : RHP Albert Barrera
Batting: RHB Nick Davis 0-0: Ball
1-0: Swinging Strike
1-1: Ball
2-1: Ball
3-1: Base on Balls
Batting: RHB Gin-fan Chong 0-0: Ball
1-0: Called Strike
1-1: Ball
2-1: Swinging Strike
2-2: Fly out, F7 (Flyball, 7LS, EV 85.6 MPH)
Pitching: RHP José Franco
Batting: RHB Tangaloa Manaolana 0-0: Called Strike
0-1: Grounds into double play, 6-4-3 (Groundball, 6, EV 82.5 MPH)
Top of the 10th over - 0 runs, 0 hits, 0 errors, 0 left on base; Ladue 7 - Hudsonville 7
BOTTOM OF THE 10TH
Hudsonville Flanderses batting - Pitching for Ladue Rams : RHP Ari Schaller
Batting: LHB Victor de Bree 0-0: Ball
1-0: Called Strike
1-1: Swinging Strike
1-2: Strikes out looking
Batting: LHB Virgil Hughes 0-0: Foul Ball, location: 2F
0-1: Ball
1-1: Ball
2-1: Ball
3-1: Base on Balls
Batting: RHB Tony Mendoza 0-0: Foul Ball, location: 2F
0-1: Ball
1-1: Ball
2-1: Swinging Strike
2-2: Strikes out looking
Pinch Hitting: LHB Ben Yunusov 0-0: Ball
1-0: Foul Ball, location: 2F
1-1: Foul Ball, location: 2F
1-2: Foul Ball, location: 2F
1-2: Foul Ball, location: 2F
1-2: Ball
2-2: Foul Ball, location: 2F
2-2: Fly out, F4 (Popup, 23, EV 91.2 MPH)
Bottom of the 10th over - 0 runs, 0 hits, 0 errors, 1 left on base; Ladue 7 - Hudsonville 7
TOP OF THE 11TH
Ladue Rams batting - Pitching for Hudsonville Flanderses : RHP José Franco
Now at 3B: Jonathan Long
Batting: LHB Ruff McGruffin 0-0: Ball
1-0: Ball
2-0: Called Strike
2-1: Foul Ball, location: 2F
2-2: Foul Ball, location: 2F
2-2: Ball
3-2: Strikes out swinging
Batting: RHB Drew Rose 0-0: Swinging Strike
0-1: Ball
1-1: Swinging Strike
1-2: Ball
2-2: Strikes out swinging
Batting: RHB César Hinojosa 0-0: SINGLE (Line Drive, 89S, EV 98.8 MPH)
Batting: LHB Norberto Pacheco 0-0: Called Strike
0-1: Ball
1-1: Ball
2-1: Ball
3-1: Ground out 4-3 (Groundball, 34, EV 96.2 MPH)
Top of the 11th over - 0 runs, 1 hit, 0 errors, 1 left on base; Ladue 7 - Hudsonville 7
BOTTOM OF THE 11TH
Hudsonville Flanderses batting - Pitching for Ladue Rams : RHP Ari Schaller
Pitching: LHP Albert Crawford
Batting: SHB Manuel Durán 0-0: Called Strike
0-1: Foul Ball, location: 2F
0-2: Ball
1-2: Ball
2-2: Strikes out looking
Batting: LHB Lasse Karsberg 0-0: Ground out 1-3 (Groundball, 13, EV 88.8 MPH)
Batting: RHB Mike Marcus 0-0: Fly out, F8 (Flyball, 8LM, EV 72.5 MPH)
Bottom of the 11th over - 0 runs, 0 hits, 0 errors, 0 left on base; Ladue 7 - Hudsonville 7
TOP OF THE 12TH
Ladue Rams batting - Pitching for Hudsonville Flanderses : RHP José Franco
Batting: LHB Jermaine Tuttle 0-0: Swinging Strike
0-1: Swinging Strike
0-2: SINGLE (Groundball, 13S, EV 70.0 MPH) (infield hit)
Batting: LHB Guillermo Valverde 0-0: Foul Ball, location: 2F
0-1: Called Strike
0-2: Fly out, F8 (Flyball, 8LM, EV 79.4 MPH)
Batting: RHB Nick Davis 0-0: Foul Ball, location: 2F
0-1: Foul Ball, location: 2F
0-2: SINGLE (Groundball, 56D, EV 100.0 MPH)
Jermaine Tuttle to second
Batting: RHB Gin-fan Chong 0-0: 3-RUN HOME RUN (Flyball, 7D, EV 88.1 MPH), Distance : 397 ft
Pitching: RHP Eitoku Tanaka
Batting: RHB Tangaloa Manaolana 0-0: Called Strike
0-1: Fly out, F9 (Flyball, 9S, EV 88.8 MPH)
Batting: LHB Ruff McGruffin 0-0: Ball
1-0: Called Strike
1-1: Foul Ball, location: 2F
1-2: Foul Ball, location: 2F
1-2: Ball
2-2: Foul Ball, location: 2F
2-2: Fly out, F8 (Line Drive, 8LM, EV 95.0 MPH)
Top of the 12th over - 3 runs, 3 hits, 0 errors, 0 left on base; Ladue 10 - Hudsonville 7
BOTTOM OF THE 12TH
Hudsonville Flanderses batting - Pitching for Ladue Rams : LHP Albert Crawford
Batting: RHB Patrick Gibbard 0-0: Called Strike
0-1: Foul Ball, location: 2F
0-2: Fly out, F8 (Flyball, 8RS, EV 92.5 MPH)
Batting: SHB Bailey Stuart 0-0: Ball
1-0: SINGLE (Line Drive, 8RS, EV 111.9 MPH)
Batting: LHB Victor de Bree 0-0: Called Strike
0-1: Ball
1-1: Foul Ball, location: 2F
1-2: Ball
2-2: Ball
3-2: Foul Ball, location: 2F
3-2: Fielders Choice at 2nd, 6-4 (Groundball, 6, EV 90.0 MPH)
Batting: LHB Virgil Hughes 0-0: Foul Ball, location: 2F
0-1: Foul Ball, location: 2F
0-2: Foul Ball, location: 2F
0-2: Ball
1-2: Foul Ball, location: 2F
1-2: Ball
2-2: Ground out 4-3 (Groundball, 4, EV 87.5 MPH)
Bottom of the 12th over - 0 runs, 1 hit, 0 errors, 1 left on base; Ladue 10 - Hudsonville 7
Friday, March 26th, 2021 - OOTP Baseball 20.8 Build 74